 Dungeon Crawl Stone Soup version 0.22-a0-608-g8a62e23f9f (webtiles) character file.

311 Oakleaf the Chopper (level 6, 0/56 HPs)
             Began as a Minotaur Abyssal Knight on July 8, 2018.
             Was a Believer of Lugonu.
             Killed from afar by an orc wizard (6 damage)
             ... with a magic dart
             ... on level 6 of the Dungeon.
             The game lasted 00:18:09 (5000 turns).

Oakleaf the Chopper (Minotaur Abyssal Knight)       Turns: 5000, Time: 00:18:11

Health: 0/56       AC:  3    Str: 18    XL:     6   Next: 18%
Magic:  4/6        EV: 11    Int:  9    God:    Lugonu [**....]
Gold:   168        SH:  3    Dex: 10    Spells: 5/5 levels left

rFire    . . .     SeeInvis .   a - +1 hand axe
rCold    . . .     Gourm    .   p - +0 buckler
rNeg     . . .     Faith    .   b - +0 leather armour
rPois    .         Spirit   .   (helmet restricted)
rElec    .         Reflect  .   (no cloak)
rCorr    .         Harm     .   (no gloves)
MR       .....                  (no boots)
Stlth    +.........             (no amulet)
HPRegen  0.18/turn              (no ring)
MPRegen  0.10/turn              (no ring)

@: no status effects
A: retaliatory headbutt, horns 2
a: Depart the Abyss, Bend Space, Renounce Religion


You were on level 6 of the Dungeon.
You worshipped Lugonu.
Lugonu was pleased with you.
You were not hungry.

You visited 1 branch of the dungeon, and saw 6 of its levels.
You visited the Abyss 1 time.

You collected 168 gold pieces.

Inventory:

Hand Weapons
 a - a +1 hand axe (weapon)
 k - a +0 hand axe of chopping
Armour
 b - a +0 leather armour (worn)
 e - a +0 chain mail
 p - a +0 buckler (worn)
 u - a +0 ring mail
Jewellery
 h - an uncursed ring of fire {unknown}
 t - a cursed ring of loudness {unknown}
 w - an uncursed ring of resist corrosion {unknown}
Scrolls
 d - 2 scrolls of remove curse {unknown}
 f - a scroll of noise {unknown}
 g - a scroll of enchant weapon {unknown}
 i - 6 scrolls of immolation
 j - 2 scrolls of blinking {unknown}
 l - 2 scrolls of identify {unknown}
 q - 3 scrolls of teleportation {unknown}
 s - 2 scrolls of enchant armour {unknown}
 x - a scroll of fear {unknown}
Potions
 m - a potion of flight {unknown}
 n - 2 potions of haste {unknown}
 o - a potion of degeneration {unknown}
 r - a potion of cancellation {unknown}
 v - a potion of invisibility {unknown}
Comestibles
 c - 7 rations


   Skills:
 * Level 5.4 Fighting
 * Level 5.8 Axes
 + Level 3.5 Armour
 - Level 1.1 Dodging
 - Level 0.2 Stealth
 * Level 1.3 Shields
 + Level 2.2 Invocations


You had 5 spell levels left.
You didn't know any spells.
Your spell library contained the following spells:

 Spells                   Type           Power        Failure   Level  Hunger
 Confuse                  Hex            #.......     90%         3    ####...
 Tukima's Dance           Hex            #.......     90%         3    ####...
 Ensorcelled Hibernation  Hex/Ice        #.....       71%         2    ###....
 Corona                   Hex            #......      56%         1    ##.....
 Dazzling Spray           Conj/Hex       #.....       90%         3    ####...


Dungeon Overview and Level Annotations

Branches:
Dungeon (6/15)
 Temple: D:4-7

Altars:
Makhleb
Trog
Yredelemnul
The Shining One

Shops:
D:4 :   D:5 *

Annotations:
D:3 Grinder
D:5 Menkaure


Innate Abilities, Weirdness & Mutations

You reflexively headbutt those who attack you in melee.
You have a pair of horns on your head.


Message History

A leopard gecko skeleton comes into view.
The wyvern completely misses you. You furiously retaliate!
You headbutt the wyvern! You slash the wyvern! You headbutt the wyvern.
The wyvern is severely wounded.
The wyvern barely misses you. You furiously retaliate!
You headbutt the wyvern. You hit the wyvern but do no damage.
The wyvern is almost dead.
You hit the orc wizard. The wyvern bites you!
* * * LOW HITPOINT WARNING * * *
The orc wizard casts a spell at you. The puff of flame misses you.
The wyvern bites you.
* * * LOW HITPOINT WARNING * * *
You hit the wyvern but do no damage.
The wyvern is almost dead.
You hit the leopard gecko skeleton. You closely miss the orc wizard.
The wyvern closely misses you. The leopard gecko skeleton misses you.
The orc wizard casts a spell at you. The magic dart hits you!
You die...

# ##. ..
#####.#######
#........)..#
#....#.)#.#
#.#..@l)..#.#
#....Zo.....#
#..|..#.#######
#######.. ###


You could see a wyvern, an orc wizard and a leopard gecko skeleton.

Vanquished Creatures
  A phantom (D:5)
  A wight (D:5)
  A hound (D:2)
  An iguana (D:5)
  3 adders
  3 oozes
  A dart slug (D:1)
  2 worms (D:2)
  2 leopard geckos
  3 orcs (D:6)
  A ball python (D:1)
  4 giant cockroaches
  11 goblins
  6 hobgoblins
  7 jackals
  6 bats
  5 frilled lizards
  9 kobolds
  12 rats
79 creatures vanquished.

Vanquished Creatures (others)
  A wizard (D:4)
1 creature vanquished.

Grand Total: 80 creatures vanquished

Notes
Turn   | Place    | Note
-------+----------+-------------------------------------------
     0 | Abyss:1  | Oakleaf the Minotaur Abyssal Knight began the quest for the Orb.
     0 | Abyss:1  | Reached XP level 1. HP: 19/19 MP: 1/1
   118 | Abyss:1  | Noticed an insubstantial wisp
   119 | Abyss:1  | Noticed a wretched star
   123 | D:1      | Escaped the Abyss
   237 | D:1      | Reached XP level 2. HP: 19/27 MP: 2/2
   486 | D:1      | Reached * piety under Lugonu
   763 | D:1      | Reached XP level 3. HP: 34/34 MP: 3/3
  2242 | D:2      | Reached ** piety under Lugonu
  2304 | D:2      | Found a glowing golden altar of the Shining One.
  2650 | D:2      | Found a burning altar of Makhleb.
  2655 | D:2      | Reached XP level 4. HP: 35/41 MP: 4/4
  3192 | D:3      | Noticed Grinder
  3234 | D:3      | Paralysed by Grinder for 2 turns
  3550 | D:3      | Reached XP level 5. HP: 46/47 MP: 5/5
  3816 | D:4      | Found a basalt altar of Yredelemnul.
  3843 | D:4      | Found Ojyi's Book Shoppe.
  4235 | D:4      | Found a bloodstained altar of Trog.
  4238 | D:4      | Noticed a wizard
  4244 | D:4      | Killed a wizard
  4302 | D:5      | Entered Level 5 of the Dungeon
  4357 | D:5      | Found Jeapp's Assorted Antiques.
  4405 | D:5      | Reached skill level 5 in Fighting
  4405 | D:5      | Reached skill level 5 in Axes
  4716 | D:5      | Noticed a phantom
  4935 | D:5      | Killed a phantom
  4935 | D:5      | Reached skill level 1 in Shields
  4935 | D:5      | Reached XP level 6. HP: 53/56 MP: 6/6
  4982 | D:5      | Noticed Menkaure
  4988 | D:6      | Noticed a wyvern
  5000 | D:6      | Killed from afar by an orc wizard

Vault maps used:
D:1:      roderic_chinese_lattice_arrival, minmay_small_reverse_x
D:2:      old_standard_altar, makhleb_heckhound_becter, first_ration,
          feat_on_display
D:3:      kennysheep_generic_room_11, uniq_grinder
D:4:      yredelemnul_altar_generic, serial_shops, nicolae_shop_stone,
          trog_wizard
D:5:      cheibrodos_barr_body, kennysheep_little_box, temple_hall,
          serial_shops, nicolae_shop_overgrown_old_shop, uniq_menkaure
D:6:      gammafunk_temple_overflow_elements, minmay_ogre_servants

Skill      XL: |  1  2  3  4  5 |
---------------+----------------+-----
Fighting       | 4 5 |  5.4
Invocations    | 2 |  2.2
Axes           | 3 4 5 |  5.8
Armour         | 3 |  3.5
Shields        | 1 |  1.3
Dodging        | |  1.1
Stealth        | |  0.2

Action                   |  1- 3 |  4- 6 || total
-------------------------+-------+-------++-------
Melee: Hand axe          |   111 |   100 ||   211
       Headbutt          |    15 |    11 ||    26
Invok: Depart the Abyss  |     1 |       ||     1
       Bend Space        |       |     5 ||     5
  Use: Scroll            |       |     1 ||     1
  Eat: Chunk             |     2 |     4 ||     6
       Ration            |     1 |     1 ||     2
Armor: Leather armour    |    32 |    20 ||    52
Dodge: Dodged            |    60 |    57 ||   117
Block: Buckler           |       |     5 ||     5

Table legend:
 A = Spawn XP
 B = Non-spawn XP
 C = Spawn XP percentage of total XP
 D = Spawn monster count
 E = Non-spawn monster count
 F = Spawn count percentage of total count
 G = Total turns spent on level
                    A         B        C        D         E        F      G
               +---------+---------+-------+---------+---------+-------+---------
         Total |       0 |     445 |   0.0 |       0 |      79 |   0.0 |  5000
               +---------+---------+-------+---------+---------+-------+---------
           D:1 |       0 |      59 |   0.0 |       0 |      32 |   0.0 |  1658
           D:2 |       0 |      74 |   0.0 |       0 |      17 |   0.0 |  1161
           D:3 |       0 |      66 |   0.0 |       0 |      21 |   0.0 |   802
           D:4 |       0 |      15 |   0.0 |       0 |       2 |   0.0 |   731
           D:5 |       0 |     222 |   0.0 |       0 |       4 |   0.0 |   513
           D:6 |       0 |       9 |   0.0 |       0 |       3 |   0.0 |    12
               +---------+---------+-------+---------+---------+-------+---------
